NYP
TRI-CITY DUST DEVILS @ HILLSBORO HOPS
09/12/2046
 
TOP OF THE 1ST
Tri-City Dust Devils batting - Pitching for Hillsboro Hops : RHP John Palumbo
Pitching: RHP John Palumbo
Batting: RHB Dave McBain 0-0: Called Strike
0-1: Swinging Strike
0-2: Ball
1-2: Ball
2-2: Ball
3-2: Reached on error, E5 (Groundball, 56S, EV 81.2 MPH)
Batting: LHB Jeff Trapp 0-0: Ball
Dave McBain steals 2nd base (no throw)
1-0: Ground out 6-3 (Groundball, 56, EV 90.0 MPH)
Batting: RHB Antonio Lara 0-0: Called Strike
Dave McBain steals 3rd base
0-1: Foul Ball, location: 2F
0-2: Ball
1-2: Strikes out swinging
Batting: SHB Manny Berrones 0-0: Ball
1-0: Called Strike
1-1: Fly out, F8 (Flyball, 8RXD, EV 96.9 MPH)
Top of the 1st over - 0 runs, 0 hits, 1 error, 1 left on base; Tri-City 0 - Hillsboro 0
BOTTOM OF THE 1ST
Hillsboro Hops batting - Pitching for Tri-City Dust Devils : LHP Kenny Morman
Pitching: LHP Kenny Morman
Batting: RHB Wen-hua Lei 0-0: Swinging Strike
0-1: Swinging Strike
0-2: Ball
1-2: Strikes out swinging
Batting: LHB Soo-yeon Kym 0-0: Called Strike
0-1: Ball
1-1: Called Strike
1-2: Ball
2-2: SINGLE (Groundball, 34D, EV 99.4 MPH)
Batting: RHB Antonio Luisa 0-0: Ball
Wild Pitch!
Soo-yeon Kym to second
1-0: Foul Ball, location: 2F
1-1: Called Strike
1-2: Ground out 5-3 (Groundball, 56, EV 91.9 MPH)
Batting: RHB Ian Sousa 0-0: Called Strike
0-1: TRIPLE (Flyball, 89XD, EV 109.4 MPH)
Soo-yeon Kym scores
Batting: RHB Josh Burrows 0-0: Ball
1-0: Ground out U3 (Groundball, 3S, EV 85.6 MPH)
Bottom of the 1st over - 1 run, 2 hits, 0 errors, 1 left on base; Tri-City 0 - Hillsboro 1
TOP OF THE 2ND
Tri-City Dust Devils batting - Pitching for Hillsboro Hops : RHP John Palumbo
Batting: RHB Hector Fernandez 0-0: Foul Ball, location: 2F
0-1: Ball
1-1: TRIPLE (Groundball, 3L, EV 110.0 MPH)
Batting: LHB Tony Contreras 0-0: Ball
1-0: Ball
2-0: Called Strike
2-1: Ball
3-1: Base on Balls
Batting: RHB Paul Van Gilder 0-0: Called Strike
Tony Contreras steals 2nd, throwing error, E2
Hector Fernandez scores
Tony Contreras to third
0-1: DOUBLE (Flyball, 89D, EV 111.2 MPH)
Tony Contreras scores
Batting: RHB Ryan Marler 0-0: Ground out 6-3 (Groundball, 6, EV 105.6 MPH)
Batting: RHB Max Stillo 0-0: Ball
1-0: Ball
2-0: Foul Ball, location: 2F
2-1: Ball
3-1: Base on Balls
Batting: RHB Dave McBain 0-0: Foul Ball, location: 2F
0-1: Ball
1-1: Fly out, F9 (Flyball, 9LM, EV 85.6 MPH)
Pitching: RHP Jake Priest
Batting: LHB Jeff Trapp 0-0: Fly out, F5 (Line Drive, 5L, EV 72.5 MPH)
Top of the 2nd over - 2 runs, 2 hits, 1 error, 2 left on base; Tri-City 2 - Hillsboro 1
BOTTOM OF THE 2ND
Hillsboro Hops batting - Pitching for Tri-City Dust Devils : LHP Kenny Morman
Batting: SHB Blaine Peters 0-0: Ball
1-0: Called Strike
1-1: Swinging Strike
1-2: Strikes out looking
Batting: RHB Jeremy Adams 0-0: Ground out 5-3 (Groundball, 56, EV 84.4 MPH)
Batting: LHB Ivan Cortez 0-0: Hit by Pitch
Batting: RHB Trevor Corey 0-0: Ball
Ivan Cortez is caught stealing 2nd base 2-4
Bottom of the 2nd over - 0 runs, 0 hits, 0 errors, 0 left on base; Tri-City 2 - Hillsboro 1
TOP OF THE 3RD
Tri-City Dust Devils batting - Pitching for Hillsboro Hops : RHP Jake Priest
Batting: RHB Antonio Lara 0-0: Ball
1-0: Ball
2-0: Ball
3-0: Base on Balls
Batting: SHB Manny Berrones 0-0: Called Strike
0-1: Ball
1-1: Ball
2-1: SINGLE (Line Drive, 9LM, EV 101.2 MPH)
Antonio Lara to second
Batting: RHB Hector Fernandez 0-0: Called Strike
0-1: Ball
1-1: Ball
2-1: Called Strike
2-2: Ball
3-2: Strikes out looking
Batting: LHB Tony Contreras 0-0: Foul Ball, location: 2F
0-1: Ball
1-1: Called Strike
1-2: Fly out, F8 (Flyball, 8RXD, EV 94.4 MPH)
Runner from 2nd tags up, SAFE at 3rd, no throw by CF
Batting: RHB Paul Van Gilder 0-0: Called Strike
0-1: Ball
1-1: Ball
2-1: Ground out 4-3 (Groundball, 4S, EV 68.1 MPH)
Top of the 3rd over - 0 runs, 1 hit, 0 errors, 2 left on base; Tri-City 2 - Hillsboro 1
BOTTOM OF THE 3RD
Hillsboro Hops batting - Pitching for Tri-City Dust Devils : LHP Kenny Morman
Batting: RHB Trevor Corey 0-0: Called Strike
0-1: Foul Ball, location: 2F
0-2: Strikes out looking
Batting: RHB Wen-hua Lei 0-0: Ball
1-0: Ball
2-0: Ball
3-0: Called Strike
3-1: Foul Ball, location: 2F
3-2: Fly out, F8 (Flyball, 8RXD, EV 98.1 MPH)
Batting: LHB Soo-yeon Kym 0-0: Ball
1-0: Ball
2-0: Swinging Strike
2-1: Called Strike
2-2: Ball
3-2: Base on Balls
Batting: RHB Antonio Luisa 0-0: Called Strike
0-1: Called Strike
0-2: Fly out, F6 (Line Drive, 6, EV 76.2 MPH)
Bottom of the 3rd over - 0 runs, 0 hits, 0 errors, 1 left on base; Tri-City 2 - Hillsboro 1
TOP OF THE 4TH
Tri-City Dust Devils batting - Pitching for Hillsboro Hops : RHP Jake Priest
Batting: RHB Ryan Marler 0-0: Fly out, F9 (Flyball, 9D, EV 97.5 MPH)
Batting: RHB Max Stillo 0-0: Ground out U3 (Groundball, 34S, EV 86.9 MPH)
Batting: RHB Dave McBain 0-0: Ball
1-0: Foul Ball, location: 2F
1-1: Ball
2-1: Fly out, F6 (Line Drive, 6, EV 73.1 MPH)
Top of the 4th over - 0 runs, 0 hits, 0 errors, 0 left on base; Tri-City 2 - Hillsboro 1
BOTTOM OF THE 4TH
Hillsboro Hops batting - Pitching for Tri-City Dust Devils : LHP Kenny Morman
Batting: RHB Ian Sousa 0-0: Ball
1-0: Ball
2-0: Ball
3-0: Called Strike
3-1: Foul Ball, location: 2F
3-2: Base on Balls
Batting: RHB Josh Burrows 0-0: Swinging Strike
0-1: Swinging Strike
0-2: Ball
1-2: Foul Ball, location: 2F
1-2: Ball
2-2: Foul Ball, location: 2F
2-2: Strikes out looking
Batting: SHB Blaine Peters 0-0: Fielders Choice at 2nd, 6-4 (Groundball, 6, EV 81.2 MPH)
Batting: RHB Jeremy Adams 0-0: Ball
1-0: Ball
2-0: Called Strike
2-1: Ball
Wild Pitch!
Blaine Peters to second
3-1: Foul Ball, location: 2F
3-2: Foul Ball, location: 2F
3-2: SINGLE (Groundball, 4M, EV 99.4 MPH)
Blaine Peters to third
Runner from 3rd tries for Home, SAFE, throw by CF to home
Batting: LHB Ivan Cortez 0-0: Called Strike
0-1: Foul Ball, location: 2F
0-2: Strikes out swinging
Bottom of the 4th over - 1 run, 1 hit, 0 errors, 1 left on base; Tri-City 2 - Hillsboro 2
TOP OF THE 5TH
Tri-City Dust Devils batting - Pitching for Hillsboro Hops : RHP Jake Priest
Batting: LHB Jeff Trapp 0-0: Ball
1-0: Called Strike
1-1: Ball
2-1: Ground out 4-3 (Groundball, 34, EV 83.1 MPH)
Batting: RHB Antonio Lara 0-0: Ball
1-0: Swinging Strike
1-1: Ball
2-1: Foul Ball, location: 2F
2-2: Ground out 5-3 (Groundball, 56, EV 93.8 MPH)
Batting: SHB Manny Berrones 0-0: Called Strike
0-1: Ball
1-1: Ground out 6-3 (Groundball, 6, EV 80.6 MPH)
Top of the 5th over - 0 runs, 0 hits, 0 errors, 0 left on base; Tri-City 2 - Hillsboro 2
BOTTOM OF THE 5TH
Hillsboro Hops batting - Pitching for Tri-City Dust Devils : LHP Kenny Morman
Batting: RHB Trevor Corey 0-0: Ground out 6-3 (Groundball, 6, EV 100.6 MPH)
Batting: RHB Wen-hua Lei 0-0: Ground out 6-3 (Groundball, 6, EV 102.5 MPH)
Batting: LHB Soo-yeon Kym 0-0: Called Strike
0-1: Ball
1-1: Ball
2-1: SINGLE (Groundball, 6MS, EV 83.8 MPH) (infield hit)
Batting: RHB Antonio Luisa 0-0: Foul Ball, location: 2F
0-1: Ball
1-1: Ball
Wild Pitch!
Soo-yeon Kym to second
2-1: Foul Ball, location: 2F
2-2: Ball
3-2: Fly out, F9 (Flyball, 89M, EV 83.1 MPH)
Bottom of the 5th over - 0 runs, 1 hit, 0 errors, 1 left on base; Tri-City 2 - Hillsboro 2
TOP OF THE 6TH
Tri-City Dust Devils batting - Pitching for Hillsboro Hops : RHP Jake Priest
Pitching: RHP Vicente Burger
Batting: RHB Hector Fernandez 0-0: Ball
1-0: Ball
2-0: Foul Ball, location: 2F
2-1: Foul Ball, location: 2F
2-2: Strikes out swinging, 2-3 out at first.
Batting: LHB Tony Contreras 0-0: Ball
1-0: Called Strike
1-1: Ball
2-1: Ball
3-1: Fly out, F8 (Line Drive, 8LM, EV 108.1 MPH)
Pinch Hitting: LHB Jim Chalk 0-0: Ball
1-0: Foul Ball, location: 2F
1-1: Ball
2-1: Swinging Strike
2-2: Strikes out swinging
Top of the 6th over - 0 runs, 0 hits, 0 errors, 0 left on base; Tri-City 2 - Hillsboro 2
BOTTOM OF THE 6TH
Hillsboro Hops batting - Pitching for Tri-City Dust Devils : LHP Kenny Morman
Now at 2B: Hector Fernandez
Now at 3B: Rich Justice
Batting: RHB Ian Sousa 0-0: Ball
1-0: Called Strike
1-1: Foul Ball, location: 2F
1-2: Ball
2-2: Strikes out swinging
Batting: RHB Josh Burrows 0-0: Foul Ball, location: 2F
0-1: Swinging Strike
0-2: Ball
1-2: Ball
2-2: Strikes out swinging
Batting: SHB Blaine Peters 0-0: Ball
1-0: Fly out, F8 (Flyball, 8RM, EV 75.6 MPH)
Bottom of the 6th over - 0 runs, 0 hits, 0 errors, 0 left on base; Tri-City 2 - Hillsboro 2
TOP OF THE 7TH
Tri-City Dust Devils batting - Pitching for Hillsboro Hops : RHP Vicente Burger
Batting: RHB Ryan Marler 0-0: Called Strike
0-1: Ground out 6-3 (Groundball, 6, EV 82.5 MPH)
Pinch Hitting: LHB Rogelio Nunez 0-0: Ball
1-0: Called Strike
1-1: Swinging Strike
1-2: Foul Ball, location: 2F
1-2: Ball
2-2: Ground out U3 (Groundball, 3S, EV 83.8 MPH)
Batting: RHB Dave McBain 0-0: Ball
1-0: Ball
2-0: Ball
3-0: Called Strike
3-1: Foul Ball, location: 2F
3-2: Foul Ball, location: 2F
3-2: Base on Balls
Pitching: LHP Jeff Haight
Pinch Hitting: SHB Blake Abbott 0-0: Ball
Dave McBain steals 2nd base
1-0: Foul Ball, location: 2F
1-1: Swinging Strike
1-2: Ball
2-2: Ball
3-2: Fly out, F9 (Flyball, 89M, EV 90.0 MPH)
Top of the 7th over - 0 runs, 0 hits, 0 errors, 1 left on base; Tri-City 2 - Hillsboro 2
BOTTOM OF THE 7TH
Hillsboro Hops batting - Pitching for Tri-City Dust Devils : LHP Kenny Morman
Now at 3B: Rogelio Nunez
Now at SS: Rich Justice
Now in LF: Blake Abbott
Now in CF: Dave McBain
Batting: RHB Jeremy Adams 0-0: Fly out, F9 (Line Drive, 9S, EV 97.5 MPH)
Batting: LHB Ivan Cortez 0-0: Called Strike
0-1: SINGLE (Groundball, 34D, EV 96.9 MPH)
Batting: RHB Trevor Corey 0-0: Called Strike
0-1: Called Strike
0-2: Strikes out looking
Batting: RHB Wen-hua Lei 0-0: Ball
1-0: Ball
2-0: Fly out, F8 (Flyball, 8RD, EV 88.8 MPH)
Bottom of the 7th over - 0 runs, 1 hit, 0 errors, 1 left on base; Tri-City 2 - Hillsboro 2
TOP OF THE 8TH
Tri-City Dust Devils batting - Pitching for Hillsboro Hops : LHP Jeff Haight
Pitching: RHP Jaden Peterson
Batting: LHB Hugo MacBeth 0-0: Ball
1-0: Called Strike
1-1: Ball
2-1: DOUBLE (Groundball, 3L, EV 99.4 MPH)
Batting: SHB Manny Berrones 0-0: Ball
1-0: Called Strike
1-1: Foul Ball, location: 2F
1-2: Ball
2-2: Foul Ball, location: 2F
2-2: DOUBLE (Flyball, 8LXD, EV 91.2 MPH)
Hugo MacBeth scores
Batting: RHB Hector Fernandez 0-0: Ball
1-0: Ball
2-0: Swinging Strike
2-1: Foul Ball, location: 2F
2-2: Ball
3-2: Strikes out looking
Batting: LHB Tony Contreras 0-0: Intentional Walk
Batting: RHB Rich Justice 0-0: Called Strike
0-1: Foul Ball, location: 2F
0-2: Ball
1-2: Ball
2-2: Ball
3-2: Base on Balls
Manny Berrones to third
Tony Contreras to second
Batting: RHB Ryan Marler 0-0: Ball
1-0: Grounds into fielders choice 6-2 (Groundball, 6, EV 106.2 MPH)
Tony Contreras to third
Rich Justice to second
Pitching: RHP Phil Holmes
Batting: LHB Rogelio Nunez 0-0: Fielders Choice at 2nd, U6 (Groundball, 6M, EV 81.9 MPH)
Top of the 8th over - 1 run, 2 hits, 0 errors, 3 left on base; Tri-City 3 - Hillsboro 2
BOTTOM OF THE 8TH
Hillsboro Hops batting - Pitching for Tri-City Dust Devils : LHP Kenny Morman
Batting: LHB Soo-yeon Kym 0-0: Ball
1-0: Called Strike
1-1: Called Strike
1-2: Ball
2-2: Foul Ball, location: 2F
2-2: Ball
3-2: Base on Balls
Pitching: RHP Colin Dorsey
Pinch Hitting: LHB Dillon Rizzuto 0-0: Ball
1-0: Called Strike
1-1: Foul Ball, location: 2F
1-2: Ball
2-2: Ball
3-2: Strikes out looking
Batting: RHB Ian Sousa 0-0: Ball
1-0: Ball
2-0: Ball
3-0: Base on Balls
Soo-yeon Kym to second
Batting: RHB Josh Burrows 0-0: Ball
1-0: Ball
2-0: Foul Ball, location: 2F
2-1: Ball
3-1: Called Strike
3-2: Foul Ball, location: 2F
3-2: Strikes out looking
Batting: SHB Blaine Peters 0-0: Ball
1-0: Ground out 4-3 (Groundball, 34, EV 110.0 MPH)
Bottom of the 8th over - 0 runs, 0 hits, 0 errors, 2 left on base; Tri-City 3 - Hillsboro 2
TOP OF THE 9TH
Tri-City Dust Devils batting - Pitching for Hillsboro Hops : RHP Phil Holmes
Now at 1B: Dillon Rizzuto
Batting: RHB Dave McBain 0-0: Swinging Strike
0-1: TRIPLE (Flyball, 8LXD, EV 92.5 MPH)
Batting: SHB Blake Abbott 0-0: Ball
1-0: DOUBLE (Flyball, 8LD, EV 111.2 MPH)
Dave McBain scores
Batting: LHB Hugo MacBeth 0-0: Intentional Walk
Batting: SHB Manny Berrones 0-0: Called Strike
0-1: Called Strike
0-2: Ball
1-2: Ball
2-2: Strikes out swinging
Batting: RHB Hector Fernandez 0-0: Ball
1-0: Ground out 5-3 (Groundball, 56S, EV 71.2 MPH)
Blake Abbott to third
Hugo MacBeth to second
Batting: LHB Tony Contreras 0-0: Intentional Walk
Batting: RHB Rich Justice 0-0: Ball
1-0: Foul Ball, location: 2F
1-1: Called Strike
1-2: Foul Ball, location: 2F
1-2: Ball
2-2: Ball
3-2: Base on Balls
Blake Abbott scores
Hugo MacBeth to third
Tony Contreras to second
Batting: RHB Ryan Marler 0-0: Foul Ball, location: 2F
0-1: Swinging Strike
0-2: DOUBLE (Groundball, 5L, EV 106.9 MPH)
Hugo MacBeth scores
Tony Contreras scores
Rich Justice to third
Runner from 3rd tries for Home, SAFE, throw by LF to trailing runner, SAFE at third!
Pitching: RHP Rory Bornt
Batting: LHB Rogelio Nunez 0-0: Ball
1-0: Swinging Strike
1-1: Swinging Strike
1-2: Foul Ball, location: 2F
1-2: Strikes out swinging
Top of the 9th over - 5 runs, 3 hits, 0 errors, 1 left on base; Tri-City 8 - Hillsboro 2
BOTTOM OF THE 9TH
Hillsboro Hops batting - Pitching for Tri-City Dust Devils : RHP Colin Dorsey
Batting: RHB Jeremy Adams 0-0: Ball
1-0: Foul Ball, location: 2F
1-1: Foul Ball, location: 2F
1-2: Fly out, F7 (Flyball, 78D, EV 77.5 MPH)
Batting: LHB Ivan Cortez 0-0: Ball
1-0: Ball
2-0: Ball
3-0: Called Strike
3-1: Base on Balls
Batting: RHB Trevor Corey 0-0: Called Strike
0-1: Fly out, F9 (Flyball, 9D, EV 103.8 MPH)
Batting: RHB Wen-hua Lei 0-0: Ball
1-0: Foul Ball, location: 2F
1-1: Ball
Passed Ball!
Ivan Cortez to second
2-1: Foul Ball, location: 2F
2-2: Ball
3-2: Strikes out swinging
Bottom of the 9th over - 0 runs, 0 hits, 0 errors, 1 left on base; Tri-City 8 - Hillsboro 2
Tuesday, September 13th , 2022 - OOTP Baseball 23.7 Build 88